 Dungeon Crawl Stone Soup version 0.30-a0-12-gd8047c6341 (webtiles) character file.

Game seed: 7246817847756523153

156 siradein the Trooper (level 5, 0/47 HPs)
             Began as a Hill Orc Fighter on Aug 24, 2022.
             Slain by an orc
             ... wielding a +0 flail
              (1 damage)
             ... on level 4 of the Dungeon.
             The game lasted 00:06:23 (3738 turns).

siradein the Trooper (Hill Orc Fighter)             Turns: 3738, Time: 00:06:24

Health: 0/47       AC:  9    Str: 21    XL:     5   Next: 38%
Magic:  5/5        EV:  6    Int:  8    God:
Gold:   133        SH:  8    Dex: 10    Spells: 4/4 levels left

rFire   . . .      SeeInvis .    a - +1 war axe
rCold   . . .      Faith    .    h - +0 kite shield
rNeg    . . .      Spirit   .    q - +0 chain mail
rPois   .          Reflect  .    (no helmet)
rElec   .          Harm     .    o - scarf {shadows}
rCorr   .          Rampage  .    (no gloves)
Will    .....                    (no boots)
Stlth   ..........               (no amulet)
HPRegen 0.15/turn                c - ring of flight
MPRegen 0.09/turn                (no ring)

@: flying
A: no striking features
a: Convert to Beogh


You were on level 4 of the Dungeon.
You visited 1 branch of the dungeon, and saw 4 of its levels.

You collected 133 gold pieces.

Inventory:

Hand Weapons
 a - a +1 war axe (weapon)
Missiles
 k - 40 stones (quivered)
Armour
 h - a +0 kite shield (worn)
 o - a scarf of shadows (worn)
 q - a +0 chain mail (worn)
Jewellery
 b - a ring of fire
 c - a ring of flight (left hand)
Scrolls
 f - a scroll of torment {unknown}
 l - 2 scrolls of teleportation
Potions
 d - 3 potions of might
 e - 3 potions of curing
 g - a potion of heal wounds
 n - a potion of degeneration {unknown}


   Skills:
 + Level 4.8 Fighting
 + Level 4.4 Axes
 + Level 1.4 Throwing
 - Level 3.2 Armour
 + Level 4.4 Shields


You had 4 spell levels left.
You didn't know any spells.
Your spell library contained the following spells:

 Spells                   Type           Power      Damage    Failure   Level
 Shock                    Conj/Air       0%         1d3       100%        1
 Sublimation of Blood     Necr           0%         N/A       100%        2
 Wereblood                Tmut           0%         N/A       100%        2
 Call Canine Familiar     Summ           0%         N/A       100%        3
 Ozocubu's Armour         Ice            0%         N/A       100%        3
 Portal Projectile        Hex/Tloc       0%         N/A       100%        3
 Leda's Liquefaction      Hex/Erth       0%         N/A       100%        4
 Ozocubu's Refrigeration  Ice            0%         4d7       100%        7
 Summon Hydra             Summ           0%         N/A       100%        7


Dungeon Overview and Level Annotations

Branches:
Dungeon (4/15)
 Temple: D:4-7

Altars:

Annotations:
D:4 Robin


Message History

You barely miss the orc.
The orc is lightly wounded.
You closely miss the goblin. You hit the hobgoblin.
You kill the hobgoblin!
An orc priest comes into view. It is wielding a +0 short sword.
You block the orc's attack.
The orc priest invokes the aid of Beogh against you.
Beogh smites you! The goblin hits you but does no damage.
You block the adder's attack.
You barely miss the orc.
The orc is lightly wounded.
You slash the goblin!
You kill the goblin!
You hit the adder.
The orc priest mumbles some strange prayers to Beogh against you.
Beogh smites you! The orc barely misses you. Robin throws the goblin at you!
You block the adder's attack. The orc hits you but does no damage.
The goblin hits you with a +0 dagger.
The orc priest mumbles some strange prayers to Beogh against you.
Beogh smites you!
* * * LOW HITPOINT WARNING * * *
The adder bites you.
* * * LOW HITPOINT WARNING * * *
Unknown command.
You are too injured to fight recklessly!
Unknown command.
You are too injured to fight recklessly!
You barely miss the orc.
The orc is lightly wounded.
You hit the adder. You closely miss the goblin. The adder barely misses you.
You block the orc's attack. The goblin hits you but does no damage.
The adder barely misses you. The goblin closely misses you.
You see here a +0 dagger.
You hit the orc.
The orc is heavily wounded.
You hit the goblin.
You kill the goblin!
You block the orc's attack. The orc hits you with a +0 flail.
You die...

# #.###.....# ..#
### ####### #.#
#.# #.# #.#
#.#####.#
#.......###
############.#.)@#
#............###o#
#.############
#oSg{... #.#
##gg.J.. #.#


osg... #.# ###'## ..## ..# ...####### .. .#........ You could see a scorpion, an
orc priest, an adder, 2 orcs, 2 hobgoblins and a goblin (strong).

Vanquished Creatures
  An iguana (D:4)
  An orc wizard (D:4)
  2 adders
  A white imp (D:4)
  3 worms
  3 orcs (D:4)
  4 bats (D:1)
  6 endoplasms
  2 giant cockroaches
  13 goblins
  8 hobgoblins
  5 jackals (D:2)
  6 kobolds
  2 ball pythons (D:1)
  2 frilled lizards (D:1)
  7 rats
66 creatures vanquished.

Vanquished Creatures (others)
  A plant (D:2)
1 creature vanquished.

Grand Total: 67 creatures vanquished

Notes
Turn   | Place    | Note
-------+----------+-------------------------------------------
     0 | D:1      | siradein the Hill Orc Fighter began the quest for the Orb.
     0 | D:1      | Reached XP level 1. HP: 19/19 MP: 1/1
   215 | D:1      | Reached XP level 2. HP: 26/27 MP: 2/2
  1028 | D:1      | Reached XP level 3. HP: 30/33 MP: 3/3
  1513 | D:2      | Found a faded altar of an unknown god.
  1528 | D:2      | Got Plato's Omnibus of Vapour
  2781 | D:3      | Reached XP level 4. HP: 29/41 MP: 4/4
  3112 | D:4      | Reached skill level 1 in Throwing
  3436 | D:4      | Reached XP level 5. HP: 43/47 MP: 5/5
  3730 | D:4      | Noticed Robin
  3735 | D:4      | HP: 1/47 [adder (3)]
  3738 | D:4      | Slain by an orc

Illustrated notes

Levels and vault maps discovered:
D:1:      dpeg_arrival_rhombi, layout_loops_ring
D:2:      layout_basic, shapermc_ecumenical_altar_rom_forum,
          grunt_decor_one_mirror, item_on_display_a
D:3:      layout_loops_ring, uniq_crazy_yiuf_cottage
D:4:      kennysheep_six_static_rooms, layout_loops_ring, uniq_sigmund,
          uniq_ijyb, uniq_menkaure, uniq_robin

Skill      XL: |  1  2  3  4 |
---------------+-------------+-----
Axes           | 3 4 |  4.4
Fighting       | 4 |  4.8
Shields        | 4 |  4.4
Throwing       | 1 |  1.4
Armour         | |  3.2

Action                   |  1- 3 |  4- 6 || total
-------------------------+-------+-------++-------
Melee: War axe           |   137 |    49 ||   186
Throw: Stone             |     8 |       ||     8
  Use: Scroll            |     6 |     1 ||     7
Armor: Scale mail        |    60 |       ||    60
       Chain mail        |     7 |    22 ||    29
Dodge: Dodged            |    53 |    10 ||    63
Block: Buckler           |    10 |       ||    10
       Kite shield       |    42 |    16 ||    58

Table legend: (Time is in decaauts)
 A = Elapsed time spent in this place.
 B = Non-inter-level travel time spent in this place.
 C = Inter-level travel time spent in this place.
 D = Time resting spent in this place.
 E = Time spent auto-exploring this place.
 F = Levels seen in this place.
 G = Mean time per level.
                   A        B        C        D        E       F      G
               +--------+--------+--------+--------+--------+-----+--------+
         Total |   3822 |   3590 |    232 |      0 |   3020 |   4 |  955.5 |
       Dungeon |   3822 |   3590 |    232 |      0 |   3020 |   4 |  955.5 |
               +--------+--------+--------+--------+--------+-----+--------+

Top non-repeatable levels by time:
     D:1: 1299 daAuts
     D:3: 1034 daAuts
     D:4: 789 daAuts
     D:2: 699 daAuts
